 Dungeon Crawl Stone Soup version 0.31-a0-1202-ga8fea8b373 (webtiles) character file.

Game seed: 17072748143479330855

394 Dirtsage the Changeling (level 6, -3/42 HPs)
             Began as an Octopode Shapeshifter on Dec 12, 2023.
             Slain by a gnoll
             ... wielding a +0 spear
              (10 damage)
             ... on level 4 of the Dungeon.
             The game lasted 00:05:11 (4545 turns).

Dirtsage the Changeling (Octopode Shapeshifter)     Turns: 4545, Time: 00:05:11

Health: -3/42      AC:  1    Str: 13    XL:     6   Next: 82%
Magic:  6/6        EV: 14    Int: 13    God:
Gold:   266        SH:  0    Dex: 13    Spells: 5/5 levels left

rFire   . .          .
                       - Unarmed
rCold   . . .        (no shield)
rNeg    . . .        (helmet currently unavailable)
rPois   .            (no amulet)
rElec   .            (no ring)
rCorr   .            (no ring)
SInv    .            (no ring)
Will    .....        (no ring)
Stlth   ++           (no ring)
HPRegen 0.27/turn    (no ring)
MPRegen 0.10/turn    (no ring)
                     (no ring)

%: no passive effects
@: beast-form
A: beast (slay +2), almost no armour, amphibious, 8 rings, camouflage 1,
gelatinous body 1, (nimble swimmer 1), tentacles
a: Begin Untransformation


You were on level 4 of the Dungeon.
You were a hulking beast.
You visited 1 branch of the dungeon, and saw 5 of its levels.

You collected 266 gold pieces.

Inventory:

Jewellery
 i - a ring of magical power
Talismans
 b - a beast talisman
 c - a flux talisman
Wands
 r - a wand of flame (4)
Scrolls
 e - a scroll of torment
 f - a scroll of amnesia
 g - a scroll of fear
 h - a scroll of revelation
 j - a scroll of noise
 m - a scroll of enchant armour
 n - a scroll of poison
 p - 2 scrolls of immolation
 s - a scroll of vulnerability
 t - 3 scrolls of teleportation
Potions
 a - a potion of lignification
 d - 2 potions of degeneration {unknown}
 k - a potion of resistance {unknown}
 l - 3 potions of enlightenment {unknown}
 o - a potion of heal wounds {unknown}
 q - a potion of attraction {unknown}


   Skills:
 + Level 3.0 Fighting
 + Level 3.5 Dodging
 + Level 4.2 Unarmed Combat
 * Level 4.9 Shapeshifting


You had 5 spell levels left.
You didn't know any spells.
Your spell library contained the following spells:

 Spells                   Type           Power      Damage    Failure   Level
 Apportation              Tloc           0%         N/A       30%         1
 Necrotise                Necr           0%         1d4       30%         1
 Summon Small Mammal      Summ           0%         N/A       30%         1
 Blink                    Tloc           0%         N/A       43%         2
 Lesser Beckoning         Tloc           0%         N/A       43%         2
 Momentum Strike          Conj/Tloc      0%         3d8       43%         2
 Tukima's Dance           Hex            0%         N/A       67%         3
 Dimensional Bullseye     Hex/Tloc       0%         N/A       97%         4
 Iskenderun's Mystic Bla  Conj/Tloc      0%         2d3       97%         4


Dungeon Overview and Level Annotations

Branches:
Dungeon (5/15)
 Temple: D:4-7

Altars:
Sif Muna

Shops:
D:4 (   D:5 (


Innate Abilities, Weirdness & Mutations

You are a hulking beast.
Your limbs bulge with bestial killing power. (Slay +2)
You cannot wear most types of armour.
You are amphibious.
You can wear up to eight rings at the same time.
Your skin changes colour to match your surroundings (Stealth+).
Your rubbery body absorbs attacks. (AC +1, EV +1)
((You are camouflaged when in or above water. (Stealth+)))
You have tentacles for arms and can constrict up to eight enemies at once.


Message History

You can't go down here!
The gnoll closely misses you.
The gnoll hits you from afar with a +0 spear!
You take 10 damage, and have 15/42 hp.
MASSIVE DAMAGE!!
You see here a +0 leather armour.
The gnoll shouts!
The gnoll closely misses you.
There is a stone staircase leading up here.
The gnoll closely misses you.
You climb upwards.
There is a stone staircase leading down here.
You start resting.
HP restored.
Health restored: 42 You climb downwards.
The gnoll hits you from afar with a +0 spear. x2
There is a stone staircase leading up here.
You take 8 damage, and have 34/42 hp.
The gnoll attacks as it pursues you! The gnoll completely misses you.
The gnoll hits you with a +0 spear. The gnoll closely misses you.
There is a stone staircase leading up, spattered with blood here.
You take 6 damage, and have 29/42 hp.
You bludgeon the gnoll! Your grab misses the gnoll.
The gnoll is severely wounded.
The gnoll hits you with a +0 spear!
You take 8 damage, and have 21/42 hp.
You closely miss the gnoll. You grab the gnoll.
The gnoll is severely wounded.
You constrict the gnoll.
The gnoll hits you from afar with a +0 spear.
The gnoll hits you with a +0 spear.
* * * LOW HITPOINT WARNING * * *
You take 9 damage, and have 12/42 hp.
MASSIVE DAMAGE!!
You bludgeon the gnoll!
You kill the gnoll!
The gnoll hits you from afar with a +0 spear.
* * * LOW HITPOINT WARNING * * *
You take 5 damage, and have 7/42 hp.
The gnoll hits you with a +0 spear!
You die...

#.##.####.# #.# #.......
#.##.####.#####.# ####...#
#.##.##.........##########.#.#
#....<..#.#######..g.........#
####(####.# #[.....####.##....
#......# #.###..####.##....
######## #.###..#......g...
#g...g...##.##....
#h##...####.##....
#<##.............#
#......#######g### #.###..#
#..)..# #..)...# #.....#
#####.## #.....# #.# #.....#
#.# #.....# #.# #######


You could see 2 gnolls.

Vanquished Creatures
  A bullfrog (D:5)
  A jelly (D:5)
  2 orc priests
  An orc wizard (D:4)
  6 adders
  3 gnolls
  A white imp (D:5)
  2 worms
  5 dart slugs
  15 orcs
  9 ball pythons
  6 endoplasms
  6 giant cockroaches
  5 goblins
  7 hobgoblins
  2 jackals (D:4)
  11 kobolds
  4 quokkas
  2 bats (D:1)
  3 frilled lizards
  4 rats
96 creatures vanquished.

Notes
Turn   | Place    | Note
-------+----------+-------------------------------------------
     0 | D:1      | Dirtsage the Octopode Shapeshifter began the quest for the
                  | Orb.
     0 | D:1      | Reached XP level 1. HP: 13/13 MP: 1/1
    68 | D:1      | Reached XP level 2. HP: 18/18 MP: 2/2
   333 | D:1      | Reached XP level 3. HP: 23/23 MP: 3/3
  1670 | D:2      | Reached XP level 4. HP: 27/29 MP: 4/4
  2251 | D:3      | Identified the +3 cloak "Zeafiptis" {*Corrode Will+++
                  | Int+4}
  2354 | D:3      | Found a faded altar of an unknown god.
  2530 | D:3      | Found a shimmering blue altar of Sif Muna.
  3069 | D:4      | Reached XP level 5. HP: 34/34 MP: 5/5
  3069 | D:4      | Identified the +0 plate armour "Bogagaq" {Stlth+}
  3490 | D:4      | Found Yxoupt's Weapon Boutique.
  3638 | D:5      | Entered Level 5 of the Dungeon
  3786 | D:5      | Reached XP level 6. HP: 35/41 MP: 6/6
  4261 | D:5      | Found Vulate's Antique Weapon Shoppe.
  4545 | D:4      | Slain by a gnoll

Illustrated notes

Levels and vault maps discovered:
D:1:      nagdon_arrival_zigzag_paths, layout_basic, hangedman_feature_mirror
D:2:      layout_loops_corners, minmay_misc_feat_pillars
D:3:      layout_basic, mainiacjoe_overflow_surrounded_room,
          shapermc_ecumenical_altar_acropolis, kennysheep_generic_room_4
D:4:      layout_loops_cross, serial_shops, nicolae_shop_window_shopping
D:5:      layout_layer_cave, serial_shops, nicolae_shop_statue_plus

Skill      XL: |  1  2  3  4  5  6 |
---------------+-------------------+-----
Fighting       | 2 3 |  3.0
Shapeshifting  | 4 |  4.9
Dodging        | 3 |  3.5
Unarmed Combat | 4 |  4.2

Action                     |  1- 3 |  4- 6 || total
---------------------------+-------+-------++-------
  Melee: Unarmed           |    59 |   135 ||   194
         Tentacles         |     9 |    26 ||    35
         Constrict         |    13 |    37 ||    50
         Punch             |     2 |     3 ||     5
  Evoke: Wand              |       |     2 ||     2
    Use: Scroll            |       |    10 ||    10
   Stab: Sleeping          |     9 |     9 ||    18
 Armour: Skin              |    21 |    61 ||    82
  Dodge: Dodged            |    25 |    76 ||   101

Table legend: (Time is in decaauts)
 A = Elapsed time spent in this place.
 B = Non-inter-level travel time spent in this place.
 C = Inter-level travel time spent in this place.
 D = Time resting spent in this place.
 E = Time spent auto-exploring this place.
 F = Levels seen in this place.
 G = Mean time per level.
                   A        B        C        D        E       F      G
               +--------+--------+--------+--------+--------+-----+--------+
         Total |   4533 |   4379 |    154 |    163 |   3566 |   5 |  906.6 |
       Dungeon |   4533 |   4379 |    154 |    163 |   3566 |   5 |  906.6 |
               +--------+--------+--------+--------+--------+-----+--------+

Top non-repeatable levels by time:
     D:3: 1050 daAuts
     D:4: 941 daAuts
     D:2: 924 daAuts
     D:1: 846 daAuts
     D:5: 770 daAuts
